 Dungeon Crawl Stone Soup version 0.16-b1 (console) character file.

109 mauris the Stinger (level 4, -3/23 HPs)
             Began as a Vine Stalker Venom Mage on Mar 13, 2015.
             Killed by divine providence
             ... invoked by an orc priest
              (15 damage)
             ... on level 3 of the Dungeon.
             The game lasted 00:03:07 (2198 turns).

mauris the Stinger (Vine Stalker Venom Mage)        Turns: 2198, Time: 00:03:08

Health: -3/23      AC:  5    Str: 11    XL:     4   Next: 89%
Magic:  0/8        EV: 13    Int: 15    God:
Gold:   149        SH:  0    Dex: 15    Spells: 1 memorised, 6 levels left

rFire  . . .     SeeInvis .     x - +0 hand axe
rCold  . . .     Clarity  .     a - +0 robe {2}
rNeg   . . .     SustAb   .     (no shield)
rPois  .         Gourm    .     (no helmet)
rElec  .         Spirit   +     k - +0 cloak
rCorr  .         Warding  .     n - +0 pair of gloves
rMut   .         Stasis   .     q - +0 pair of boots
MR     .....                    (no amulet)
Stlth  ++........               (no ring)
                                (no ring)

@: not resistant to hostile enchantments, unstealthy
A: fangs 2, regeneration 1, magic shield, antimagic bite, no device heal 3, rot
immunity
a: no special abilities


You were on level 3 of the Dungeon.
You were not hungry.

You visited 1 branch of the dungeon, and saw 3 of its levels.

You collected 149 gold pieces.

Inventory:

Hand weapons
 x - a +0 hand axe (weapon)
Armour
 a - a +0 robe (worn) {2}
 k - a +0 cloak (worn)
 n - a +0 pair of gloves (worn)
 q - a +0 pair of boots (worn)
Jewellery
 u - an uncursed ring of fire {unknown}
Scrolls
 g - 2 scrolls of blinking {unknown}
 h - a scroll of fear {unknown}
 i - 4 scrolls of identify {unknown}
 l - 2 scrolls of immolation {unknown}
 m - a scroll of fog {unknown}
 p - a scroll of magic mapping {unknown}
 s - 2 scrolls of amnesia {unknown}
 y - a scroll of enchant armour {unknown}
Potions
 d - a potion of brilliance {unknown}
 e - a potion of magic {unknown}
 f - 2 potions of ambrosia {unknown}
 j - a potion of curing {unknown}
 o - a potion of haste {unknown}
 r - a potion of flight {unknown}
 t - a potion of invisibility {unknown}
 w - a potion of restore abilities {unknown}
Books
 b - a Young Poisoner's Handbook

   Spells                             Type                      Level
   a - Sting                          Conjuration/Poison           1
   b - Cure Poison                    Poison                       2
   c - Mephitic Cloud                 Conjuration/Poison/Air       3
   d - Olgreb's Toxic Radiance        Poison                       4
   e - Venom Bolt                     Conjuration/Poison           5
Comestibles
 c - 2 bread rations
 v - a meat ration
 z - a chunk of flesh


   Skills:
 + Level 1.9 Fighting
 + Level 1.0 Axes
 + Level 1.5 Armour
 + Level 2.6 Dodging
 - Level 2.4 Stealth
 - Level 0.2 Unarmed Combat
 - Level 2.1 Spellcasting
 - Level 4.0 Poison Magic


You had 6 spell levels left.
You knew the following spells:

 Your Spells              Type           Power        Failure   Level  Hunger
a - Sting                 Conj/Pois      #...         12%         1    #......


Dungeon Overview and Level Annotations

Branches:
Dungeon (3/15)

Altars:


Innate Abilities, Weirdness & Mutations

You have extremely sharp teeth.
Your natural rate of healing is unusually fast.
When hurt, damage is shared between your health and your magic reserves.
Your bite disrupts and absorbs the magic of your enemies.
Potions and wands cannot restore your health.
You are immune to rotting.


Message History

An orc comes into view. It is wielding a falchion.
Casting: Sting
Confirm with . or Enter, or press ? or * to list all spells.
Aiming: Sting
Press: ? - help, Shift-Dir - straight line, f - orc priest
Aim: an orc priest, wielding a dagger and wearing a leather armour The sting hits the orc priest.
The orc priest is poisoned.
The orc priest is lightly wounded.
A giant mite comes into view.
An orc comes into view. It is wielding a trident.
The orc priest mumbles some strange prayers to Beogh against you.
Something smites you!
The orc shouts!
You hear a shout!
A gnoll comes into view. It is wielding a club.
Huge Dmg: -47%(-11hp) hp: 53%(12hp) Unknown command.
The orc priest invokes the aid of Beogh against you.
Something smites you!
Ouch! That really hurt!
You die...

#.# .s.
#o# #o#
.o# ##.#
#.# ...#
#.# ...#
##.## ##.#
##@..##
###.....##
#<.......#
#.#.....##
#.##...##
#.###.##
#.# ###
#.# #.#


You could see an orc priest, an orc wizard, a giant mite and an orc.

Vanquished Creatures
  A gnoll (D:3)
  3 adders (D:2)
  3 worms (D:2)
  3 giant geckos
  An orc (D:3)
  3 giant cockroaches (D:2)
  9 goblins
  3 hobgoblins
  6 jackals
  A ball python (D:1)
  5 bats
  3 giant newts
  3 kobolds
  6 rats (D:1)
50 creatures vanquished.

Notes
Turn   | Place    | Note
--------------------------------------------------------------
     0 | D:1      | mauris, the Vine Stalker Venom Mage, began the quest for the Orb.
     0 | D:1      | Reached XP level 1. HP: 9/9 MP: 3/3
    38 | D:1      | Huge Dmg: 3 dmg
    55 | D:1      | Huge Dmg: 4 dmg
   127 | D:1      | Reached XP level 2. HP: 14/14 MP: 1/5
   387 | D:1      | Huge Dmg: 3 dmg
   389 | D:1      | Huge Dmg: 3 dmg
   390 | D:1      | Huge Dmg: 3 dmg
   393 | D:1      | Huge Dmg: 2 dmg
   412 | D:1      | Huge Dmg: 2 dmg
   550 | D:1      | Reached skill level 1 in Fighting
   952 | D:2      | Reached XP level 3. HP: 18/18 MP: 0/7
  1018 | D:2      | Reached skill level 1 in Armour
  1127 | D:2      | Huge Dmg: 4 dmg
  1215 | D:2      | Huge Dmg: 7 dmg
  1255 | D:2      | Huge Dmg: 9 dmg
  1341 | D:2      | Reached XP level 4. HP: 20/22 MP: 8/8
  2080 | D:3      | Huge Dmg: 6 dmg
  2081 | D:3      | Huge Dmg: 4 dmg
  2082 | D:3      | Huge Dmg: 7 dmg
  2192 | D:3      | Reached skill level 1 in Axes
  2198 | D:3      | Huge Dmg: 11 dmg
  2198 | D:3      | Killed from afar by an orc priest

Action                   |  1- 3 |  4- 6 || total
-------------------------+-------+-------++-------
Melee: Unarmed           |    35 |       ||    35
       Hand axe          |    15 |     7 ||    22
 Cast: Sting             |    65 |    42 ||   107
  Eat: Chunk             |     2 |     4 ||     6

Vault maps used:
D:1:      lemuel_arrival_room, hangedman_abyss_or_decor_stabs
D:2:      serial_bayou_pond_c
D:3:      minmay_misc_feat_chi
